 Dungeon Crawl Stone Soup version 0.31-a0-1057-g70f3316b05 (webtiles) character file.

Game seed: 17521657568611822722

1564361 MacCMillion the Skinwalker (level 27, 180/180 HPs)
             Began as an Octopode Shapeshifter on Nov 19, 2023.
             Was a High Priest of Wu Jian.
             Escaped with the Orb
             ... and 3 runes on Nov 20, 2023!
             The game lasted 03:24:10 (83919 turns).

MacCMillion the Skinwalker (Octopode Shapeshifter) Turns: 83919, Time: 03:24:11

Health: 180/180    AC: 21    Str: 32    XL:     27
Magic:  23/23      EV: 44    Int: 16    God:    Wu Jian [*****.]
Gold:   6440       SH:  0    Dex: 17    Spells: 22/26 levels left

rFire   + +          .
                       - Unarmed
rCold   + . .        P - melded +1 tower shield {reflect}
rNeg    + + .        Y - melded -2 hat of the Alchemist {rElec rPois rF+ rC+ rN+ Will+ rMut rCorr}
rPois   ∞            l - amulet of the Four Winds {rN+ Will+++ Clar}
rElec   +            v - +6 ring of strength
rCorr   +            m - ring of see invisible
SInv    +            r - ring of Turir {rF+ rN+}
Will    +++++        M - ring of the Lily {rCorr AC+4 Int+3 Dex-4 Slay+3}
Stlth   +            S - +4 ring of protection
HPRegen 0.50/turn    A - +6 ring of strength
MPRegen 0.18/turn    J - ring of Xuluerro {Contam rElec rC+ Str+2 Int+3}
                     y - ring of protection from fire

%: clarity
@: storm-form, flying, studying 2 skills
A: cleaving, insubstantial, flying, almost no armour, amphibious, 8 rings,
(camouflage 1), (gelatinous body 1), (nimble swimmer 1), (tentacles), berserk 1,
dopey 1, frail 1, no potion heal 1, devolution 1
0: Orb of Zot
}: 3/15 runes: barnacled, silver, gossamer
a: Blinkbolt, Begin Untransformation, Renounce Religion, Wall Jump, Serpent's
Lash, Heavenly Storm


You escaped.
You worshipped Wu Jian.
Wu Jian was extremely pleased with you.
You were a lightning-filled tempest!
You visited 11 branches of the dungeon, and saw 51 of its levels.
You also visited: Gauntlet.

You collected 8621 gold pieces.
You spent 2181 gold pieces at shops.

Inventory:

Missiles
 c - 8 throwing nets
 n - 15 curare-tipped darts
 u - 4 darts of dispersal
Armour
 P - a +1 tower shield of reflection (melded)
 Y - the -2 hat of the Alchemist (melded) {rElec rPois rF+ rC+ rN+ Will+ rMut rCorr}
   (You found it on level 3 of the Spider Nest)

   rF+:       It protects you from fire.
   rC+:       It protects you from cold.
   rElec:     It insulates you from electricity.
   rPois:     It protects you from poison rN+: It protects you from negative
   energy.
   Will+:     It increases your willpower.
   rCorr:     It protects you from acid and corrosion.
   rMut:      It protects you from mutation.
Jewellery
 l - the amulet of the Four Winds (around neck) {rN+ Will+++ Clar}
   (You took it off a necromancer on level 5 of the Vaults)

   [amulet of nothing]

   rN+:       It protects you from negative energy.
   Will+++:   It greatly increases your willpower.
   Clar:      It protects you from confusion, rage, mesmerisation and fear.
 m - a ring of see invisible (right tentacle)
 q - a +4 ring of protection
 r - the ring of Turir (on tentacle) {rF+ rN+}
   (You took it off a deep elf demonologist on level 3 of the Elven Halls)

   [ring of protection from fire]

   rF+:       It protects you from fire.
   rN+:       It protects you from negative energy.
 v - a +6 ring of strength (left tentacle)
 y - a ring of protection from fire (on tentacle)
 A - a +6 ring of strength (on tentacle)
 B - the ring of Rocwiep {rC+ MP+9 Str+3}
   (You took it off a deep elf death mage on level 3 of the Elven Halls)

   [ring of protection from cold]

   Str+3:     It affects your strength (+3).
   rC+:       It protects you from cold.
   MP+9:      It affects your magic capacity (+9).
 I - a ring of willpower
 J - the ring of Xuluerro (on tentacle) {Contam rElec rC+ Str+2 Int+3}
   (You acquired it on level 2 of the Orcish Mines)

   [ring of protection from cold]

   Str+2:     It affects your strength (+2).
   Int+3:     It affects your intelligence (+3).
   rC+:       It protects you from cold.
   rElec:     It insulates you from electricity.
   Contam:    It causes magical contamination when unequipped.
 K - an amulet of regeneration
 M - the ring of the Lily (on tentacle) {rCorr AC+4 Int+3 Dex-4 Slay+3}
   (You found it on level 7 of the Dungeon)

   [ring of protection]

   AC+4:      It affects your AC (+4).
   Int+3:     It affects your intelligence (+3).
   Dex-4:     It affects your dexterity (-4).
   Slay+3:    It affects your accuracy & damage with ranged weapons and melee
   (+3).
   rCorr:     It protects you from acid and corrosion.
 O - a +6 ring of dexterity
 S - a +4 ring of protection (on tentacle)
Talismans
 a - a dragon-blood talisman
 g - a storm talisman (active)
 V - a granite talisman
Wands
 h - a wand of digging (14)
 o - a wand of paralysis (55)
 E - a wand of acid (53)
 G - a wand of roots (53)
 R - a wand of mindburst (37)
Scrolls
 b - 6 scrolls of fear
 d - 10 scrolls of enchant armour
 e - 4 scrolls of fog
 i - 6 scrolls of noise
 j - 15 scrolls of teleportation
 k - 6 scrolls of revelation
 t - 10 scrolls of vulnerability
 C - 9 scrolls of blinking
 D - 8 scrolls of poison
 N - 2 scrolls of silence
 Q - 3 scrolls of butterflies
 T - 14 scrolls of immolation
Potions
 f - 10 potions of might
 p - 2 potions of attraction
 s - 5 potions of resistance
 w - 7 potions of ambrosia
 x - 10 potions of haste
 z - 5 potions of invisibility
 F - 14 potions of heal wounds
 H - 15 potions of curing
 L - 5 potions of cancellation
 U - 8 potions of enlightenment
 W - 11 potions of mutation
 X - 6 potions of lignification
 Z - 13 potions of brilliance


   Skills:
 - Level 20.0 Fighting
 + Level 14.3 Dodging
 - Level 4.0 Stealth
 + Level 20.9 Shields
 + Level 24.5 Unarmed Combat
 - Level 18.0 Translocations
 - Level 4.0 Evocations
 - Level 25.0 Shapeshifting


You had 22 spell levels left.
You knew the following spells:

 Your Spells              Type           Power      Damage    Failure   Level
a - Manifold Assault      Tloc           55%        N/A       1%          4

Your spell library contained the following spells:

 Spells                   Type           Power      Damage    Failure   Level
 Volatile Blastmotes      Fire/Tloc      56%        2d14      1%          3
 Passage of Golubria      Tloc           55%        N/A       1%          4
 Dispersal                Tloc           27%        N/A       2%          6
 Iskenderun's Mystic Bla  Conj/Tloc      28%        2d7       6%          4
 Vhi's Electric Charge    Tloc/Air       56%        N/A       6%          4
 Summon Forest            Summ/Tloc      14%        N/A       17%         5
 Foxfire                  Conj/Fire      0%         2x1d4     26%         1
 Kiss of Death            Conj/Necr      0%         2d5       26%         1
 Sandblast                Erth           0%         2d4       26%         1
 Sting                    Tmut/Pois      0%         1d3       26%         1
 Summon Small Mammal      Summ           0%         N/A       26%         1
 Cigotuvi's Dreadful Rot  Necr/Pois/Air  0%         N/A       36%         2
 Ensorcelled Hibernation  Hex/Ice        0%         N/A       36%         2
 Jinxbite                 Hex            0%         N/A       36%         2
 Passwall                 Tmut/Erth      0%         N/A       36%         2
 Poisonous Vapours        Pois/Air       0%         N/A       36%         2
 Scorch                   Fire           0%         2d5       36%         2
 Static Discharge         Conj/Air       0%         3-3/arc   36%         2
 Call Canine Familiar     Summ           0%         N/A       58%         3
 Confusing Touch          Hex            0%         N/A       58%         3
 Frozen Ramparts          Ice            0%         1d1       58%         3
 Hailstorm                Conj/Ice       0%         3d3       58%         3
 Ignite Poison            Fire/Tmut/Pois 0%         N/A       58%         3
 Inner Flame              Hex/Fire       0%         N/A       58%         3
 Mephitic Cloud           Conj/Pois/Air  0%         N/A       58%         3
 Ozocubu's Armour         Ice            0%         N/A       58%         3
 Stone Arrow              Conj/Erth      0%         3d7       58%         3
 Summon Guardian Golem    Hex/Summ       0%         N/A       58%         3
 Tukima's Dance           Hex            0%         N/A       58%         3
 Disjunction              Tloc           27%        N/A       71%         8
 Airstrike                Air            0%         2d(0-16)  94%         4
 Anguish                  Hex/Necr       0%         N/A       94%         4
 Brom's Barrelling Bould  Conj/Erth      0%         2d3       94%         4
 Cause Fear               Hex            0%         N/A       94%         4
 Dispel Undead            Necr           0%         3d6       94%         4
 Flame Wave               Conj/Fire      0%         2d4       94%         4
 Fulminant Prism          Conj/Hex       0%         3d5       94%         4
 Leda's Liquefaction      Hex/Erth       0%         N/A       94%         4
 Olgreb's Toxic Radiance  Pois           0%         N/A       94%         4
 Petrify                  Tmut/Erth      0%         N/A       94%         4
 Sticky Flame             Conj/Fire      0%         2d3       94%         4
 Summon Ice Beast         Ice/Summ       0%         N/A       94%         4
 Summon Lightning Spire   Summ/Air       0%         N/A       94%         4
 Malign Gateway           Summ/Tloc      14%        N/A       99%         7
 Alistair's Intoxication  Tmut/Pois      0%         N/A       100%        5
 Arcjolt                  Conj/Air       0%         1d10      100%        5
 Borgnjor's Vile Clutch   Necr/Erth      0%         N/A       100%        5
 Fireball                 Conj/Fire      0%         3d3       100%        5
 Freezing Cloud           Conj/Ice/Air   0%         6-21      100%        5
 Iskenderun's Battlesphe  Conj           0%         2d6       100%        5
 Lee's Rapid Deconstruct  Erth           0%         3d4*      100%        5
 Metabolic Englaciation   Hex/Ice        0%         N/A       100%        5
 Silence                  Hex/Air        0%         N/A       100%        5
 Yara's Violent Unravell  Hex/Tmut       0%         3d3       100%        5
 Bombard                  Conj/Erth      0%         9d1       100%        6
 Conjure Ball Lightning   Conj/Air       0%         3x3d6     100%        6
 Eringya's Noxious Bog    Tmut/Pois      0%         4d6       100%        6
 Plasma Beam              Fire/Air       0%         2x1d10    100%        6
 Simulacrum               Ice/Necr       0%         N/A       100%        6
 Summon Cactus Giant      Summ           0%         N/A       100%        6
 Enfeeble                 Hex            0%         N/A       100%        7
 Haunt                    Necr/Summ      0%         N/A       100%        7
 Orb of Destruction       Conj           0%         9d5       100%        7
 Ozocubu's Refrigeration  Ice            0%         4d7       100%        7
 Spellforged Servitor     Conj/Summ      0%         N/A       100%        7
 Summon Hydra             Summ           0%         N/A       100%        7
 Borgnjor's Revivificati  Necr           0%         N/A       100%        8
 Discord                  Hex            0%         N/A       100%        8
 Ignition                 Fire           0%         3d3       100%        8
 Lehudib's Crystal Spear  Conj/Erth      0%         10d2      100%        8
 Summon Horrible Things   Summ           0%         N/A       100%        8
 Death's Door             Necr           0%         N/A       100%        9
 Fire Storm               Conj/Fire      0%         5d1       100%        9


Dungeon Overview and Level Annotations

Branches:
Dungeon (15/15)            Temple (1/1) D:4            Lair (5/5) D:8
 Shoals (4/4) Lair:3       Spider (4/4) Lair:2        Slime (0/5) Lair:4
    Orc (2/2) D:12            Elf (3/3) Orc:2        Vaults (5/5) D:13
  Crypt (3/3) Vaults:2       Tomb (0/3) Crypt:3      Depths (4/4) D:15
    Zot (5/5) Depths:4    Gauntlet (visited)

Altars:
Ashenzari
Cheibriados
Dithmenos
Elyvilon
Fedhas
Gozag
Hepliaklqana
Kikubaaqudgha
Makhleb
Nemelex Xobeh
Okawaru
Qazlal
Ru
Sif Muna
Trog
Uskayaw
Vehumet
Wu Jian
Xom
Yredelemnul
Zin
The Shining One

Shops:
D:3 :   D:4 (   Orc:2 *[*([=(?(   Elf:1 :!   Elf:2 ?   Shoals:2 *:=
Vaults:1 ?   Vaults:4 =   Vaults:5 =   Depths:1 =::   Depths:3 [!

Portals:
Hell: Depths:1 Depths:2 Depths:3 Depths:4
Abyss: Depths:3
Pandemonium: Depths:2
Ziggurat: Depths:3

Annotations:
D:6 2orger, exclusion: ogre
D:10 exclusion: two-headed ogre
D:12 3 runed translucent doors, fly's ghost, journeyman SpSh
Lair:4 3 runed translucent doors, Malachi's ghost, journeyman GnSh
Lair:5 exclusion: 2 oklob plants
Elf:2 3 runed translucent doors
Depths:2 2 transporters, Sulucr Puat's ghost, veteran DjFE
Depths:3 1 exclusion
Zot:3 1 runed translucent door, Ogritsah's ghost, legendary MiBe


Innate Abilities, Weirdness & Mutations

You are a lightning-filled tempest!
Your electrical attacks strike out in all directions at once.
You are incredibly evasive.
Your insubstantial body is immune to petrification, constriction, and being set on fire You are flying.
Your armour is entirely melded.
You are incapable of wielding weapons or throwing items.
You cannot wear most types of armour.
You are amphibious.
You can wear up to eight rings at the same time.
You are immune to poison.
((Your skin changes colour to match your surroundings (Stealth+).))
((Your rubbery body absorbs attacks. (AC +1, EV +1)))
((You are camouflaged when in or above water. (Stealth+)))
((You have tentacles for arms and can constrict up to eight enemies at once.))
You sometimes lose your temper in combat.
You are dopey. (Int -2)
You are frail. (-10% HP)
Potions are less effective at restoring your health.
You have hidden genetic defects.


Message History

A tormentor comes into view.
Aiming: Blinkbolt
Press: ? - help, Dir - move target, f - tormentor
Aim: a tormentor (94% to hit)
The shock of your passage hits the tormentor!!!!
You kill the tormentor!
The Council accepts your kill.
You blink.
Unknown command.
What level of the Dungeon? (default 1, ? - help)
Okay, then.
There is an escape hatch in the floor here.
You see here a +0 club.
You feel energetic enough to blinkbolt again.
A Brimstone Fiend comes into view.
The Brimstone Fiend roars!
Aiming: Blinkbolt
Press: ? - help, Dir - move target, f - Brimstone Fiend
Aim: a Brimstone Fiend (97% to hit)
The shock of your passage hits the Brimstone Fiend!!!!
The Brimstone Fiend is severely wounded.
You blink.
The Brimstone Fiend gestures at you.
The sphere of damnation explodes!
The damnation engulfs you!!
The damnation engulfs the Brimstone Fiend.
The Brimstone Fiend completely resists.
You blast the Brimstone Fiend!!!
You kill the Brimstone Fiend!
The Council accepts your kill.
There is a stone staircase leading up here.
You fly upwards.
There is a stone staircase leading down here.
You're already here!
What level of the Dungeon? (default 1, ? - help)
You feel energetic enough to blinkbolt again.
HP restored.
A demonspawn blood saint comes into view.
It is wielding a +0 dagger.
The demonspawn blood saint moves out of view.
There is a staircase leading out of the dungeon here.
You have escaped!

...# ###≈≈≈≈.≈≈≈≈≈## #.# ##.#
#...≈.≈≈≈≈≈≈## #.# ##.#
#........≈≈≈≈# #.# #.#
#.........#≈≈## #.# ##.#
#.........#≈≈≈# #.## ##.#
#.........##≈≈# #..# ...#
#.........###≈# ##.# †#.#
#.........# ### #.# ####
#>.......v# #.# # ###########
#.# ####.#### #.......#
#.......# ##.......###
#####################..........#
..........................>....#
#####################..........#


There were no monsters in sight!

Vanquished Creatures
  Khufu (Crypt:3)
  3 dread liches
  8 ancient liches
  Mara (Depths:2)
  7 orbs of fire
  A juggernaut (Depths:2)
  A royal mummy (Crypt:3)
  Josephina (Crypt:2)
  3 Killer Klowns (Zot:5)
  3 curse toes
  A pandemonium lord (Depths:4)
  8 golden dragons
  A profane servitor (Crypt:3)
  A bone dragon (Crypt:3)
  Jory (Crypt:3)
  the Enchantress (Depths:1)
  Arachne (Spider:3)
  A Brimstone Fiend (D:2)
  4 electric golems
  16 tentacled monstrosities
  A walking crystal tome (Depths:4)
  Rupert (D:13)
  Mlioglotl (Spider:2)
  Jorgrun (D:13)
  26 Orb Guardians
  5 liches
  9 quicksilver dragons
  4 sphinxes
  2 deep elf master archers (Elf:3)
  2 deep elf blademasters (Elf:3)
  5 titans
  6 death cobs
  3 ancient champions
  Gastronok (D:10)
  11 shadow dragons
  Agnes (D:15)
  11 tengu reavers
  9 storm dragons
  2 revenants
  A demonspawn warmonger (D:10)
  10 draconian monks
  7 emperor scorpions
  6 draconian knights
  12 fire giants
  8 frost giants
  A fire giant (shapeshifter) (Vaults:5)
  An emperor scorpion (shapeshifter) (Depths:2)
  6 ghost moths
  19 vault wardens
  6 deep elf sorcerers
  5 iron dragons
  A balrug (Depths:1)
  6 draconian scorchers
  4 deep elf elementalists (Elf:3)
  A caustic shrike zombie (Crypt:2)
  18 ghouls
  5 draconian stormcallers
  A curse skull (Crypt:1)
  6 spriggan defenders
  4 formless jellyfish
  5 draconian annihilators
  5 broodmothers
  2 orc warlords
  A reaper (D:10)
  8 draconian shifters
  24 ironbound preservers
  5 ironbound thunderhulks
  5 very ugly things
  13 vampire knights
  12 deep elf demonologists
  5 war gargoyles
  18 stone giants
  2 demonspawn black suns (D:5)
  10 green draconians
  13 black draconians
  11 deep elf annihilators
  5 purple draconians
  15 red draconians
  Nessos (D:14)
  14 yellow draconians
  A minotaur (Gauntlet)
  7 white draconians
  17 dire elephants
  13 spark wasps
  The ghost of nagnag the Severer, a journeyman MiFi of Gozag (D:13)
  12 ettins
  Snorg (Orc:1)
  A crystal guardian (Vaults:3)
  6 merfolk impalers
  A blizzard demon (D:15)
  4 eidola
  13 deep elf death magi
  7 merfolk javelineers
  An entropy weaver (shapeshifter) (D:14)
  17 yaktaur captains
  8 entropy weavers
  23 jiangshi
  2 deep elf high priests
  13 fire dragons
  41 vault guards
  A caustic shrike simulacrum (Crypt:2)
  3 hydras
  5 great orbs of eyes
  2 peacekeepers (Vaults:3)
  2 hell beasts
  4 rakshasas
  8 ice dragons
  6 ironbound frosthearts
  A jorogumo (Spider:4)
  6 spriggan air magi
  6 radroaches
  6 merfolk avatars
  8 centaur warriors
  6 ogre magi
  A catoblepas (Lair:3)
  5 satyrs
  18 boulder beetles
  A deep troll shaman (Depths:1)
  8 death knights
  3 merfolk aquamancers
  6 demonic crawlers
  20 two-headed ogres
  5 tengu warriors
  5 deep troll earth magi
  6 death yaks
  3 vampire magi
  14 dancing weapons
  Urug (Lair:5)
  A titan skeleton (Depths:2)
  An occultist (Gauntlet)
  A shock serpent (shapeshifter) (Depths:3)
  2 soul eaters
  4 spriggan berserkers
  8 hell knights
  12 deep elf knights
  A storm dragon zombie (Crypt:1)
  2 sun demons
  4 skysharks
  A fire crab (Gauntlet)
  13 pharaoh ants
  A sun moth (Spider:4)
  6 iron trolls
  A spectral spark wasp (Depths:1)
  2 large abominations (Crypt:3)
  23 skeletal warriors
  A death drake (shapeshifter) (Vaults:4)
  4 shadow wraiths
  An anaconda zombie (Crypt:2)
  A sea snake (shapeshifter) (Vaults:4)
  41 deep trolls
  11 sea snakes
  13 orb spiders
  2 orb spiders (shapeshifter)
  3 glowing orange brains
  14 ironbound convokers
  A glowing orange brain (shapeshifter) (Depths:4)
  4 arcanists
  5 flayed ghosts
  5 bog bodies
  2 lindwurms (shapeshifter)
  7 lindwurms
  8 phantasmal warriors
  17 wolf spiders
  An iron dragon zombie (Depths:3)
  7 steelbarb worms (Spider:4)
  6 orc knights
  A tengu skeleton (Depths:2)
  14 deep elf archers
  38 deep elf pyromancers
  8 necromancers
  An alligator zombie (Crypt:1)
  22 deep elf zephyrmancers
  A salamander (D:15)
  14 manticores
  2 oklob plants
  26 harpies
  5 cyclopes
  A steelbarb worm (shapeshifter) (Vaults:5)
  27 fauns
  3 orc sorcerers
  A shadow dragon skeleton (Depths:3)
  A moth of wrath (shapeshifter) (Vaults:5)
  21 ugly things
  10 elephants
  A centaur zombie (Crypt:2)
  30 moths of wrath
  10 merfolk sirens
  71 slime creatures
  An iron dragon skeleton (Crypt:1)
  A fire giant skeleton (Depths:3)
  A black mamba (shapeshifter) (Vaults:4)
  4 orange demons
  A rust devil (Depths:3)
  8 torpor snails
  13 vault sentinels
  6 black mambas
  A frost giant skeleton (Vaults:3)
  A storm dragon simulacrum (Crypt:3)
  8 cane toads
  6 water nymphs
  An elephant slug zombie (Crypt:2)
  A minotaur zombie (Crypt:1)
  27 yaktaurs
  Psyche (D:10)
  An efreet (Gauntlet)
  A black draconian zombie (Crypt:1)
  A yaktaur (shapeshifter) (Vaults:5)
  A kobold demonologist (D:13)
  2 unseen horrors (D:13)
  3 rime drakes
  A bunyip simulacrum (Crypt:3)
  12 komodo dragons
  An anaconda simulacrum (Crypt:2)
  A silent spectre (Orc:1)
  9 freezing wraiths
  A spriggan skeleton (Depths:2)
  3 tormentors
  A tengu conjurer (Depths:4)
  An ice devil (Zot:2)
  8 hornets
  20 merfolk
  A merfolk (shapeshifter) (Vaults:5)
  12 meliai
  A mana viper skeleton (Crypt:2)
  10 trolls
  A hellwing (Depths:3)
  3 polar bears (Lair:5)
  26 tarantellas
  10 wind drakes
  A harpy skeleton (Crypt:3)
  A tarantella (shapeshifter) (D:15)
  16 blink frogs
  4 glass eyes
  A tarantella zombie (Crypt:2)
  A hydra skeleton (Crypt:2)
  A frost giant simulacrum (Depths:2)
  A fire giant simulacrum (Vaults:3)
  10 snapping turtles
  15 dream sheep
  7 air elementals
  27 jumping spiders
  2 guardian serpent skeletons
  48 flying skulls (Crypt:3)
  2 stone giant simulacra
  5 shadows
  10 wraiths
  19 culicivoras
  Sigmund (D:3)
  11 spriggans
  20 water elementals
  42 yaks
  4 wyverns
  A ynoxinul (D:10)
  8 fire elementals
  4 fire bats (Gauntlet)
  6 vampires
  3 steam dragons
  2 redbacks (shapeshifter)
  2 basilisks
  A slime creature zombie (Crypt:2)
  40 redbacks
  Grum (Lair:1)
  A neqoxec (Depths:3)
  A minotaur simulacrum (Crypt:2)
  Edmund (D:6)
  6 vampire mosquitoes
  11 wargs
  2 small abominations (Crypt:3)
  A skyshark zombie (Crypt:1)
  2 acid dragons
  9 water moccasins
  3 hell hounds (Gauntlet)
  A black bear (Lair:2)
  20 orc warriors
  An ettin simulacrum (Crypt:3)
  28 ogres
  A boggart (Vaults:2)
  18 wolves
  A tengu (shapeshifter) (Vaults:1)
  26 centaurs
  4 kobold brigands
  A hog skeleton (Crypt:2)
  14 bullfrogs
  A gnoll sergeant (D:12)
  3 scorpions
  7 necrophages
  2 earth elementals (Elf:1)
  10 wights
  13 killer bees
  An electric eel (Spider:3)
  5 howler monkeys
  A crimson imp (D:10)
  3 bullfrog zombies (D:5)
  4 hounds
  12 orc priests
  4 jellies
  A gnoll bouda (D:3)
  3 iguanas
  14 orc wizards
  A basilisk skeleton (Crypt:2)
  A killer bee zombie (D:5)
  A hound zombie (D:5)
  2 mummies (Crypt:3)
  11 gnolls
  7 adders
  4 shadow imps (Gauntlet)
  5 white imps
  An adder skeleton (Crypt:1)
  2 worms
  A dart slug (D:1)
  96 orcs
  9 endoplasms
  4 giant cockroaches
  4 goblins
  4 hobgoblins
  3 jackals
  22 kobolds
  6 quokkas
  9 ball pythons
  A bat (D:1)
  7 frilled lizards
  A goblin skeleton (Crypt:1)
  4 rats
2332 creatures vanquished.

Vanquished Creatures (others)
  A red draconian (Zot:3)
  A dancing weapon (Elf:2)
  A skeletal warrior (Crypt:2)
  2 deep elf pyromancers
  A harpy simulacrum (Crypt:2)
6 creatures vanquished.

Grand Total: 2338 creatures vanquished

Notes
Turn   | Place    | Note
-------+----------+-------------------------------------------
     0 | D:1      | MacCMillion the Octopode Shapeshifter began the quest for
                  | the Orb.
     0 | D:1      | Reached XP level 1. HP: 13/13 MP: 1/1
   175 | D:1      | Reached skill level 1 in Stealth
   180 | D:1      | Reached XP level 2. HP: 18/18 MP: 2/2
   729 | D:2      | Reached XP level 3. HP: 20/24 MP: 3/3
  1351 | D:2      | Reached XP level 4. HP: 29/29 MP: 4/4
  1582 | D:3      | Noticed Sigmund
  1934 | D:3      | Found Doolob's Book Emporium.
  2012 | D:4      | Reached XP level 5. HP: 23/35 MP: 5/5
  2382 | D:4      | Reached XP level 6. HP: 21/43 MP: 6/6
  2574 | D:4      | Found a staircase to the Ecumenical Temple.
  2592 | Temple   | Entered the Ecumenical Temple
  2600 | Temple   | Became a worshipper of the Wu Jian Council
  2619 | D:4      | Found Doir's Weapon Emporium.
  2706 | D:4      | Reached skill level 5 in Unarmed Combat
  2966 | D:4      | Found a stormy altar of Qazlal.
  2968 | D:4      | Found a blossoming altar of Fedhas.
  3134 | D:5      | Entered Level 5 of the Dungeon
  3162 | D:5      | Reached XP level 7. HP: 28/49 MP: 7/7
  3741 | D:5      | Reached skill level 5 in Fighting
  3851 | D:5      | Upgraded the game from 0.31-a0-1036-g31867e143a to
                  | 0.31-a0-1057-g70f3316b05
  4042 | D:5      | Reached * piety under Wu Jian
  4325 | D:5      | Reached XP level 8. HP: 38/57 MP: 8/8
  4426 | D:5      | Found a basalt altar of Yredelemnul.
  5281 | D:6      | Found a glowing golden altar of the Shining One.
  5437 | D:6      | Got the Spellbook of Kindling
  5535 | D:6      | Noticed Edmund
  6279 | D:6      | Noticed a two-headed ogre
  6765 | D:7      | Reached XP level 9. HP: 64/65 MP: 9/9
  7045 | D:7      | Identified the ring of the Lily {rCorr AC+4 Int+3 Dex-4
                  | Slay+3}
  7136 | D:7      | Reached skill level 4 in Shapeshifting
  7673 | D:8      | Reached skill level 5 in Shapeshifting
  7954 | D:8      | Noticed a hornet
  7971 | D:8      | Killed a hornet
  7971 | D:8      | Reached ** piety under Wu Jian
  7972 | D:8      | Reached skill level 6 in Shapeshifting
  8027 | D:8      | Found a staircase to the Lair.
  8602 | D:9      | Reached skill level 7 in Shapeshifting
  8843 | D:9      | Reached XP level 10. HP: 71/72 MP: 10/10
  8887 | D:9      | Reached skill level 8 in Shapeshifting
  9332 | D:9      | Reached *** piety under Wu Jian
  9357 | D:9      | Reached skill level 9 in Shapeshifting
  9562 | D:10     | Entered Level 10 of the Dungeon
  9697 | D:10     | Reached skill level 10 in Shapeshifting
 10178 | D:10     | Found a burning altar of Makhleb.
 10178 | D:10     | Found a shimmering altar of Xom.
 10431 | D:10     | Noticed a two-headed ogre
 10596 | D:10     | Noticed Gastronok
 10616 | D:10     | Killed Gastronok
 10617 | D:10     | Reached XP level 11. HP: 78/78 MP: 11/11
 10714 | D:10     | Noticed Psyche
 10718 | D:10     | Killed Psyche
 10718 | D:10     | Reached **** piety under Wu Jian
 10769 | D:10     | Found a sparkling altar of Nemelex Xobeh.
 10770 | D:10     | Found an opulent altar of Gozag.
 10933 | D:11     | Noticed a manticore
 10939 | D:11     | Killed a manticore
 11601 | D:11     | Noticed a two-headed ogre
 11606 | D:11     | Killed a two-headed ogre
 11607 | D:11     | Reached skill level 5 in Dodging
 12009 | Lair:1   | Entered Level 1 of the Lair of Beasts
 12221 | Lair:1   | Reached skill level 1 in Evocations
 12355 | Lair:1   | Reached skill level 11 in Shapeshifting
 12495 | Lair:1   | Noticed Amaemon
 12496 | Lair:1   | Amaemon changed into Amaemon the meliai
 12496 | Lair:1   | Noticed Amaemon
 12502 | Lair:1   | Killed Amaemon the meliai
 12624 | Lair:1   | Reached XP level 12. HP: 87/87 MP: 12/12
 12663 | Lair:1   | Noticed Grum
 12674 | Lair:1   | Killed Grum
 12790 | Lair:1   | Reached skill level 10 in Unarmed Combat
 13228 | Lair:2   | Reached skill level 10 in Fighting
 13254 | Lair:2   | Reached ***** piety under Wu Jian
 13340 | Lair:2   | Found a hole to the Spider Nest.
 13868 | Lair:2   | Noticed a seven-headed hydra
 13875 | Lair:2   | Killed a seven-headed hydra
 14200 | Lair:3   | Noticed a boulder beetle
 14204 | Lair:3   | Killed a boulder beetle
 14343 | Lair:3   | Noticed a death yak
 14349 | Lair:3   | Noticed a boulder beetle
 14371 | Lair:3   | Killed a boulder beetle
 14651 | Lair:3   | Reached skill level 12 in Shapeshifting
 14658 | Lair:2   | Reached XP level 13. HP: 94/94 MP: 13/13
 15016 | Lair:3   | Found a staircase to the Shoals.
 15993 | Lair:4   | Noticed Malachi's ghost (journeyman GnSh)
 15994 | Lair:4   | Noticed a minotaur
 16010 | Lair:4   | Found a gate leading to a gauntlet.
 16019 | Gauntlet | Entered a Gauntlet
 16019 | Gauntlet | Found a transporter.
 16019 | Gauntlet | Found a transporter.
 16019 | Gauntlet | Found a runed translucent gate.
 16024 | Gauntlet | Found a transporter.
 16024 | Gauntlet | Found a transporter.
 16025 | Gauntlet | Found a runed translucent gate.
 16026 | Gauntlet | Found a runed translucent gate.
 16027 | Gauntlet | Found a transporter.
 16060 | Gauntlet | Found a transporter.
 16060 | Gauntlet | Found a transporter.
 16061 | Gauntlet | Found a transporter.
 16075 | Gauntlet | Found a transporter.
 16088 | Gauntlet | Found a transporter.
 16096 | Gauntlet | Found a runed translucent door.
 16098 | Gauntlet | Found a transporter.
 16100 | Gauntlet | Found a runed translucent door.
 16103 | Gauntlet | Found a transporter.
 16137 | Gauntlet | Found a transporter.
 16139 | Gauntlet | Found a runed translucent door.
 16145 | Gauntlet | Found a runed translucent door.
 16149 | Gauntlet | Found a transporter.
 16353 | Gauntlet | Identified the amulet "Kicysasy" {RegenMP MP+9}
 16467 | Gauntlet | Noticed a minotaur
 16469 | Gauntlet | Killed a minotaur
 16482 | Gauntlet | Identified the +0 scale mail of Fivukkif {rF+ rCorr Int+3}
 16482 | Gauntlet | Identified the staff of the Pyrrhic Victory {rElec Dex+6
                  | Air}
 16482 | Gauntlet | Identified the +2 ring mail "Cepluc Lymp" {Dex+3}
 16695 | Lair:4   | Found a runed translucent gate.
 16697 | Lair:4   | Found a runed translucent gate.
 16697 | Lair:4   | Found a runed translucent gate.
 17021 | Lair:5   | Entered Level 5 of the Lair of Beasts
 17158 | Lair:5   | Reached XP level 14. HP: 86/103 MP: 14/14
 17287 | Lair:5   | Noticed Urug
 17334 | Lair:5   | Killed Urug
 17335 | Lair:5   | Reached skill level 13 in Shapeshifting
 17617 | Lair:5   | Reached skill level 10 in Dodging
 17714 | Lair:5   | Reached ****** piety under Wu Jian
 19692 | D:6      | Killed Edmund
 19760 | D:4      | Found Doir's Weapon Emporium.
 19935 | D:4      | Found a stormy altar of Qazlal.
 19937 | D:4      | Found a blossoming altar of Fedhas.
 19990 | D:4      | Found a staircase to the Ecumenical Temple.
 20386 | D:3      | Killed Sigmund
 20454 | D:3      | Found Doolob's Book Emporium.
 20926 | D:12     | Found a staircase to the Orcish Mines.
 21197 | D:12     | Found a runed translucent gate.
 21197 | D:12     | Found a runed translucent gate.
 21197 | D:12     | Found a runed translucent gate.
 21201 | D:12     | Noticed fly's ghost (journeyman SpSh)
 21642 | Orc:1    | Entered Level 1 of the Orcish Mines
 21925 | Orc:1    | Found a bloodstained altar of Trog.
 21925 | Orc:1    | Found the necklace of Bloodlust {Fury *Rage Will++ Int-3
                  | Slay+6}
 21950 | Orc:2    | Entered Level 2 of the Orcish Mines
 21958 | Orc:2    | Found Dofrietz's Antique Weapon Shop.
 22040 | Orc:2    | Found Amehaxkotru's Weapon Shoppe.
 22056 | Orc:2    | Found a staircase to the Elven Halls.
 22243 | Orc:2    | Reached skill level 14 in Shapeshifting
 22255 | Orc:2    | Noticed an orc warlord
 22381 | Orc:2    | Reached XP level 15. HP: 109/110 MP: 15/15
 22392 | Orc:2    | Killed an orc warlord
 22431 | Orc:2    | Found Cuykhux's Armour Boutique.
 22450 | Orc:2    | Found Amudd's Jewellery Shop.
 22452 | Orc:2    | Found Sofeewk's Weapon Shoppe.
 22477 | Orc:2    | Found Hote's Assorted Antiques.
 22477 | Orc:2    | Found Dyecof's General Store.
 22478 | Orc:2    | Found Ydghiunn's Antique Armour Shop.
 22495 | Orc:2    | Bought a viscous white potion for 22 gold pieces
 22495 | Orc:2    | Bought a scroll labelled ACEWUKHYQO for 25 gold pieces
 22495 | Orc:2    | Bought a scroll of blinking for 187 gold pieces
 22857 | Orc:2    | Found Leahenij's Magic Scroll Boutique.
 22860 | Orc:2    | Bought a scroll of identify for 34 gold pieces
 22860 | Orc:2    | Bought a scroll of poison for 68 gold pieces
 22860 | Orc:2    | Identified a scroll of acquirement
 22861 | Orc:2    | Acquired the ring of Xuluerro {Contam rElec rC+ Str+2
                  | Int+3}
 23103 | Orc:1    | Noticed Snorg
 23110 | Orc:1    | Killed Snorg
 23171 | Orc:1    | Found a transporter.
 23215 | Orc:1    | Found an iron altar of Okawaru.
 23387 | Orc:1    | Found a transporter.
 23387 | Orc:1    | Found a runed translucent door.
 23394 | Orc:1    | Noticed a deep elf elementalist
 23489 | Orc:1    | Noticed a deep elf elementalist
 23494 | Orc:1    | Reached skill level 15 in Shapeshifting
 24083 | D:13     | Reached skill level 15 in Unarmed Combat
 24120 | D:13     | Found a gate to the Vaults.
 24711 | D:13     | Found a runed translucent door.
 24711 | D:13     | Noticed nagnag's ghost (journeyman MiFi)
 24904 | D:13     | Noticed Jorgrun
 24921 | D:13     | Noticed Rupert
 24927 | D:13     | Killed Jorgrun
 24931 | D:13     | Killed Rupert
 25456 | D:13     | Reached skill level 16 in Shapeshifting
 26202 | D:13     | Reached XP level 16. HP: 117/117 MP: 16/16
 26282 | D:13     | Killed nagnag's ghost
 26320 | D:13     | Identified the ring of Sunlight {AC+4 Str-3 Int+7 Dex+4}
 26750 | D:14     | Noticed Nessos
 26756 | D:14     | Killed Nessos
 27427 | D:14     | Reached skill level 17 in Shapeshifting
 27638 | D:15     | Entered Level 15 of the Dungeon
 27793 | D:15     | Found a broken altar of Ashenzari.
 28470 | D:15     | Noticed Agnes
 28474 | D:15     | Killed Agnes
 29163 | D:15     | Found a staircase to the Depths.
 30226 | Spider:1 | Entered Level 1 of the Spider Nest
 30856 | Spider:1 | Reached skill level 18 in Shapeshifting
 32071 | Spider:2 | Reached XP level 17. HP: 126/126 MP: 17/17
 32901 | Spider:2 | Noticed Mlioglotl
 32908 | Spider:2 | Killed Mlioglotl
 32934 | Spider:1 | Reached skill level 15 in Fighting
 34579 | Spider:3 | Noticed Arachne
 34662 | Spider:3 | Killed Arachne
 34944 | Spider:3 | Found the -2 hat of the Alchemist {rElec rPois rF+ rC+ rN+
                  | Will+ rMut rCorr}
 35786 | Spider:4 | Entered Level 4 of the Spider Nest
 35950 | Spider:4 | Reached skill level 19 in Shapeshifting
 36825 | Spider:4 | Reached XP level 18. HP: 139/139 MP: 18/18
 37761 | Spider:4 | Got a gossamer rune of Zot
 37769 | Spider:4 | Identified the +1 hat of Submission {rC- Int+6}
 37923 | Shoals:1 | Entered Level 1 of the Shoals
 38278 | Shoals:1 | Noticed an Ice Fiend
 38286 | Shoals:1 | Noticed a Hell Sentinel
 40414 | Shoals:2 | Found Lozehul's Jewellery Emporium.
 41388 | Shoals:2 | Found Dablokk's General Store.
 41396 | Shoals:2 | Bought a potion of might for 68 gold pieces
 41396 | Shoals:2 | Bought a scroll of blinking for 127 gold pieces
 41527 | Shoals:2 | Found Cikhle's Book Shoppe.
 42460 | Shoals:3 | Reached XP level 19. HP: 150/150 MP: 19/19
 42706 | Shoals:3 | Reached XP level 20. HP: 158/158 MP: 20/20
 43785 | Shoals:4 | Entered Level 4 of the Shoals
 44380 | Shoals:4 | Got a barnacled rune of Zot
 45004 | Shoals:4 | Identified the +10 short sword "Hydraslayer" {flame, Int+3
                  | Stlth+}
 45014 | Shoals:4 | Identified the +3 quarterstaff of the Pillar {freeze, rC-
                  | rN+ MP+9 SInv}
 46013 | Shoals:4 | Paralysed by a formless jellyfish for 1 turns
 46020 | Shoals:4 | Got the Parchment of Effluvium
 46934 | Vaults:1 | Entered Level 1 of the Vaults
 48486 | Vaults:1 | Identified the maw talisman "Vafouhia" {rElec rC+ rCorr}
 49117 | Vaults:1 | Reached XP level 21. HP: 164/164 MP: 21/21
 49282 | Vaults:1 | Found Xadd's Magic Scroll Emporium.
 49285 | Vaults:1 | Bought a scroll of blinking for 120 gold pieces
 49375 | Vaults:2 | Reached skill level 20 in Shapeshifting
 51112 | Vaults:2 | Reached skill level 21 in Shapeshifting
 52436 | Vaults:2 | Found a staircase to the Crypt.
 53568 | Vaults:3 | Reached skill level 22 in Shapeshifting
 55425 | Vaults:4 | Reached XP level 22. HP: 166/166 MP: 22/22
 56679 | Vaults:4 | Found Vilag's Jewellery Boutique.
 56944 | Vaults:4 | Reached skill level 23 in Shapeshifting
 57209 | Vaults:5 | Entered Level 5 of the Vaults
 57440 | Elf:1    | Entered Level 1 of the Elven Halls
 57465 | Elf:1    | Found a radiant altar of Vehumet.
 58352 | Elf:1    | Found Cuive's Tiny Tomes.
 58441 | Elf:1    | Paralysed by an air elemental for 1 turns
 58832 | Elf:1    | Found Liydyibi's Distillery.
 58841 | Elf:1    | Bought a potion of enlightenment for 75 gold pieces
 59018 | Elf:2    | Paralysed by an air elemental for 1 turns
 59266 | Elf:2    | Found Fiomorusme's Magic Scroll Shoppe.
 59538 | Elf:2    | Found a runed translucent gate.
 59539 | Elf:2    | Found a runed translucent gate.
 59539 | Elf:2    | Found a runed translucent gate.
 59971 | Elf:3    | Entered Level 3 of the Elven Halls
 59981 | Elf:3    | Reached skill level 24 in Shapeshifting
 60175 | Elf:3    | Identified the ring of Rocwiep {rC+ MP+9 Str+3}
 60710 | Elf:3    | Identified the +6 hand axe of Tumult {drain, rF+ rCorr}
 60858 | Elf:3    | Identified the +1 robe of the Orcish Mines {Fly Str-4 SInv}
 60890 | Elf:3    | Identified the +1 leather armour of the Stone Wall {*Slow
                  | Will++ Dex+3}
 60890 | Elf:3    | Identified the ring of Turir {rF+ rN+}
 61068 | Elf:3    | Reached XP level 23. HP: 176/176 MP: 23/23
 61294 | Elf:3    | Identified the +0 mace of Fulafeh {flame, Str+3}
 62146 | Elf:3    | Reached skill level 25 in Shapeshifting
 62147 | Elf:3    | Reached skill level 1 in Translocations
 62152 | Elf:3    | Learned a level 4 spell: Manifold Assault
 62155 | Elf:3    | Identified the staff "Eruoceug" {rF+ rN+ Str+3 Dex-3 Necro}
 62409 | Depths:1 | Entered Level 1 of the Depths
 63558 | Depths:1 | Found a gateway to Hell.
 63558 | Depths:1 | Noticed the Enchantress
 63571 | Depths:1 | Killed the Enchantress
 63575 | Depths:1 | Reached skill level 5 in Translocations
 63828 | Depths:1 | Found a white marble altar of Elyvilon.
 64007 | Depths:1 | Found Qozel's Jewellery Boutique.
 64007 | Depths:1 | Found Nyeth's Book Shoppe.
 64008 | Depths:1 | Found Beixebli's Book Shoppe.
 64016 | Depths:1 | Bought a storm talisman for 1280 gold pieces
 64483 | Depths:1 | Found a shimmering blue altar of Sif Muna.
 65190 | Depths:2 | Found a one-way gate leading to the halls of Pandemonium.
 65191 | Depths:2 | Noticed Mara
 65202 | Depths:2 | Noticed MacCMillion's illusion
 65204 | Depths:2 | Killed Mara
 65373 | Depths:2 | Found a transporter.
 65375 | Depths:2 | Found a transporter.
 65450 | Depths:2 | Noticed Sulucr Puat's ghost (veteran DjFE)
 65450 | Depths:2 | Identified the +8 great mace "Zeosh" {heavy, *Slow Fly
                  | Int+4 SInv}
 65452 | Depths:2 | Identified the +11 great mace of Corporal Punishment
                  | {flame, Int+4}
 65697 | Depths:2 | Reached skill level 10 in Translocations
 65699 | Depths:2 | Noticed a golden dragon
 65712 | Depths:2 | Killed a golden dragon
 65715 | Depths:2 | Noticed a juggernaut
 65719 | Depths:2 | Killed a juggernaut
 65904 | Depths:2 | Reached XP level 24. HP: 183/183 MP: 23/23
 66182 | Depths:3 | Found a one-way gate to the infinite horrors of the Abyss.
 66458 | Depths:3 | Found a one-way gateway to a ziggurat.
 66478 | Depths:3 | Found Vabbyic's Distillery.
 66478 | Depths:3 | Found Firuw's Antique Armour Emporium.
 66716 | Depths:3 | Found the +11 Singing Sword {sonic wave}
 67160 | Depths:4 | Entered Level 4 of the Depths
 67371 | Depths:4 | Reached skill level 15 in Translocations
 67588 | Depths:4 | Found a gate to the Realm of Zot.
 67634 | Depths:4 | Found a faded altar of an unknown god.
 67668 | Depths:4 | Identified the +9 dagger of Autumn {heavy, Fragile Will+
                  | rCorr SInv}
 68304 | Orc:2    | Bought a +1 tower shield of reflection for 175 gold pieces
 68761 | Vaults:4 | Reached skill level 5 in Shields
 68925 | Vaults:5 | Reached XP level 25. HP: 180/189 MP: 23/23
 68948 | Vaults:5 | Found Xilougog's Jewellery Shoppe.
 69764 | Vaults:5 | Noticed a dread lich
 69764 | Vaults:5 | Noticed an ancient lich
 69767 | Vaults:5 | Paralysed by a dread lich for 5 turns
 69786 | Vaults:5 | Killed a dread lich
 70366 | Vaults:5 | Identified the +0 war axe of the Wasp {heavy, rC++}
 70427 | Vaults:5 | Identified the ring of Qohoug {Will+ Int+2 Stlth+}
 70588 | Vaults:5 | Identified the ring of Midwinter {Fire rElec rN+ Will-
                  | Dex+2}
 70592 | Vaults:5 | Identified the +6 plate armour of Resourcefulness {Harm}
 71054 | Vaults:5 | Reached skill level 10 in Shields
 71093 | Vaults:5 | Noticed an ancient lich
 71100 | Vaults:5 | Killed an ancient lich
 71180 | Vaults:5 | Killed an ancient lich
 71268 | Vaults:5 | Got a silver rune of Zot
 71401 | Vaults:5 | Identified the +1 scale mail of Impermeability {rElec rN+
                  | Will++ MP-9}
 72174 | Crypt:1  | Entered Level 1 of the Crypt
 72627 | Crypt:1  | Reached XP level 26. HP: 196/196 MP: 23/23
 73936 | Crypt:2  | Identified the ring "Zinybaun" {Ice rElec}
 73936 | Crypt:2  | Noticed Josephina
 73947 | Crypt:2  | Killed Josephina
 74438 | Crypt:3  | Entered Level 3 of the Crypt
 74640 | Crypt:3  | Found an ancient bone altar of Kikubaaqudgha.
 74726 | Crypt:3  | Noticed a royal mummy
 74746 | Crypt:3  | Killed a royal mummy
 74750 | Crypt:3  | Noticed Khufu
 74757 | Crypt:3  | Killed Khufu
 75026 | Crypt:3  | Reached skill level 15 in Shields
 75030 | Crypt:3  | Identified the ring of Soaroes {rPois Int+3}
 75194 | Crypt:3  | Identified the amulet of Hapsyrod {-Tele Regen+ Str+2 Dex+2
                  | Stlth+}
 75466 | Crypt:3  | Noticed Jory
 75477 | Crypt:3  | Killed Jory
 75484 | Crypt:3  | Found a staircase to the Tomb.
 75665 | Crypt:3  | Found the +7 great mace "Undeadhunter" {deathbane, rN+}
 75679 | Crypt:3  | Identified the staff "Octopus's Death" {*Slow rPois rC-
                  | rCorr Dex+8 Poison}
 76157 | Zot:1    | Entered Level 1 of the Realm of Zot
 77111 | Zot:2    | Reached XP level 27. HP: 154/201 MP: 23/23
 79155 | Zot:3    | Noticed an orb of fire
 79171 | Zot:3    | Killed an orb of fire
 79795 | Zot:3    | Found a runed translucent door.
 79795 | Zot:3    | Noticed Ogritsah's ghost (legendary MiBe)
 80034 | Zot:4    | Noticed an orb of fire
 80043 | Zot:4    | Killed an orb of fire
 80634 | Zot:5    | Entered Level 5 of the Realm of Zot
 81725 | Zot:5    | Noticed an ancient lich
 81727 | Zot:5    | Noticed an ancient lich
 81728 | Zot:5    | Noticed an orb of fire
 81728 | Zot:5    | Noticed an orb of fire
 81729 | Zot:5    | Noticed an ancient lich
 81732 | Zot:5    | Noticed an orb of fire
 82016 | Zot:5    | Killed an ancient lich
 82024 | Zot:5    | Gained mutation: You sometimes lose your temper in combat.
                  | [an orb of fire]
 82026 | Zot:5    | Killed an orb of fire
 82029 | Zot:5    | Noticed an orb of fire
 82029 | Zot:5    | Gained mutation: You have hidden genetic defects. [an orb
                  | of fire]
 82030 | Zot:5    | Killed an orb of fire
 82031 | Zot:5    | Killed an ancient lich
 82032 | Zot:5    | Noticed a dread lich
 82032 | Zot:5    | Noticed an ancient lich
 82034 | Zot:5    | Killed an orb of fire
 82040 | Zot:5    | Killed an orb of fire
 82042 | Zot:5    | Noticed an ancient lich
 82042 | Zot:5    | Noticed an orb of fire
 82042 | Zot:5    | Killed a dread lich
 82046 | Zot:5    | Killed an ancient lich
 82048 | Zot:5    | Gained mutation: You are frail. (-10% HP) [an orb of fire]
 82049 | Zot:5    | Killed an orb of fire
 82050 | Zot:5    | Killed an ancient lich
 82051 | Zot:5    | Noticed a dread lich
 82051 | Zot:5    | Killed an ancient lich
 82055 | Zot:5    | Killed a dread lich
 82067 | Zot:5    | Gained mutation: Potions are less effective at restoring
                  | your health. [hidden defects]
 82415 | Zot:5    | Noticed an ancient lich
 82424 | Zot:5    | Killed an ancient lich
 82581 | Zot:5    | Gained mutation: You are dopey. (Int -2) [mutagenic glow]
 83175 | Zot:5    | Got the Orb of Zot
 83242 | Zot:4    | Noticed Eci Das the pandemonium lord
 83351 | Depths:4 | Noticed Baphayh the pandemonium lord
 83364 | Depths:4 | Killed Baphayh the pandemonium lord
 83919 | D:$      | Escaped with the Orb!

Illustrated notes

Levels and vault maps discovered:
D:1:      lemuel_arrival_river_bridge, layout_rooms
D:2:      layout_basic, kennysheep_doodads, grunt_decor_mini_mirrors,
          st_stairs_4
D:3:      layout_rooms, serial_shops, nicolae_shop_tiny_statue_garden,
          uniq_sigmund
D:4:      layout_loops_cross, grunt_temple_overflow_forces_of_nature,
          minmay_temple_entry_gardened_gates, serial_shops, shop
D:5:      cheibrodos_thug_alley, layout_rooms, nicolae_yredelemnul_corpse_copse
D:6:      hellmonk_destroyed_diamonds, layout_loops_ring,
          nicolae_tso_carved_into_rock, patterned_corridor, uniq_edmund
D:7:      layout_basic, kennysheep_generic_room_11
D:8:      layout_basic, lair_entry_dummy
D:9:      layout_small_grid, special_room [special_room_orc],
          minmay_tree_intersection
D:10:     layout_stronghold, grunt_temple_overflow_champion_of_chaos,
          grunt_temple_overflow_opulence, uniq_psyche, uniq_gastronok
D:11:     layout_basic
D:12:     layout_long_grid, orc_0_dummy, ebering_ghost_rock_garden
D:13:     layout_roguey, lightli_vaults_fourway_checkpoint,
          gammafunk_ghost_grave, uniq_jorgrun, uniq_rupert
D:14:     layout_basic, dk_noncrumbling_3, uniq_nessos
D:15:     hangedman_depths_entry_try_elsewhere_first, layout_stronghold,
          evilmike_ruin_ashenzari, nooodl_orcs_dogs, uniq_agnes
Temple:   eino_narrow_crystal_temple
Lair:1:   layout_gridlike, serial_bayou_shore_b, uniq_amaemon, uniq_grum
Lair:2:   layout_loops_ring, hellmonk_spider_entry_not_the_bees,
          infiniplex_staircase_pool_2
Lair:3:   layout_gridlike, shoals_dummy_entry, serial_bayou_pond_c,
          minmay_lair_oklob_bushes
Lair:4:   layout_loops_ring, minmay_slime_entry_oklob_enclosed,
          gauntlet_entry_generic, maelrawn_ghost_gauntlet_escape,
          minmay_stone_trees_small
Lair:5:   gammafunk_lair_ancient_temple, layout_loops_ring, disabler_island,
          uniq_urug
Shoals:1: nicolae_shoals_deep_elves_summer_vacation, layout_shoals, centaur_isle
Shoals:2: layout_shoals, serial_shops, nicolae_shop_hallway_plus, shop, shop
Shoals:3: cheibrodos_shoals_baths, layout_shoals
Shoals:4: shoals_end_grunt_garden, layout_shoals
Spider:1: nicolae_spider_broodchamber
Spider:2: layout_spider_delve, nicolae_orb_stairs, uniq_mlioglotl
Spider:3: layout_spider_delve, hellmonk_spider_spawner, uniq_arachne
Spider:4: hellmonk_spider_rune_bug_friends
Orc:1:    emtedronai_trogs_sanctum, layout_diamond_mine,
          okawaru_metal_pillars_1_2, uniq_snorg
Orc:2:    st_orc_ogre_mass, layout_diamond_mine, basic_altar, serial_shops,
          shop, nicolae_shop_stone, shop, shop, nicolae_shop_rolled_up,
          mines3_lemuel
Elf:1:    eino_elf_arrival_altar, layout_geoelf_grid, serial_shops, shop,
          hangedman_corner_corridor, nicolae_shop_i_like_small_books_too,
          onia_ninara_cookie
Elf:2:    nicolae_elf_blades_crystal_corner, layout_gridlike, serial_shops,
          nicolae_shop_crystal, lemuel_elevator
Elf:3:    grunt_elf_hall_branching, layout_onion_city, minivault_28
Vaults:1: nicolae_vaults_puzzle_piece, kb_rosetta, hangedman_vaults_maws,
          ontoclasm_vaults_shuriken, v_misc_3, v_misc_17, v_rooms_2,
          nicolae_vaults_little_squares_2, grunt_vaults_hallway_long,
          v_pattern_2, nicolae_vaults_alarming, nicolae_vaults_house_2,
          ontoclasm_vaults_pinch, layout_vaults_big_room, serial_shops,
          nicolae_shop_rolled_up
Vaults:2: nicolae_vaults_closet_pinwheel_4, v_misc_26, v_alt_pattern_3,
          minmay_crypt_entry_simple_walls, nicolae_vaults_octothorpe,
          nicolae_vaults_sesquioval_fish, nicolae_vaults_ninety_degrees,
          vaults_dpeg_encased_lava, vaults_mumra_hex,
          vaults_standard_mumra_enter_the_diamond, layout_vaults_quadrants
Vaults:3: nicolae_vaults_house_1, nicolae_vaults_closet_pinwheel_6,
          nicolae_vaults_wine_cellar, hangedman_vaults_variations, v_misc_33,
          hangedman_vaults_maws, nicolae_vaults_ring_of_whatevers,
          nicolae_vaults_offset_grid_hallway_4, v_misc_31, vaults_mumra_lcd,
          nicolae_vaults_angled_halls, nicolae_vaults_house_2,
          layout_vaults_omnibox
Vaults:4: nicolae_vaults_heart-shaped_vault, nicolae_vaults_twisting_passages,
          vaults_standard_mumra_enter_the_diamond, ontoclasm_vaults_hangar,
          vaults_room_octagon, vaults_mumra_chevron,
          nicolae_vaults_loss_of_containment, v_misc_13,
          layout_vaults_omnicross, serial_shops, nicolae_shop_tiny_statue_garden
Vaults:5
Crypt:1:  layout_rooms, minivault_25, amcnicky_mini_rare_corridor_liquid
Crypt:2:  layout_regular_city, uniq_josephina
Crypt:3:  grunt_crypt_end_deaths_head, uniq_khufu
Depths:1: layout_gridville, elyvilon_altar_4, grunt_mini_vestibule,
          minmay_misc_feat_columns, chequers_serial_rivers_small_b, tgw_sif,
          minmay_shop_grove, uniq_enchantress
Depths:2: lemuel_traditional_vault, layout_cave_pools, gammafunk_ghost_smash,
          hangedman_decor_push, hell_entry, pan_entry, uniq_mara
Depths:3: kennysheep_demon_jail, layout_gridlike, enter_ziggurat_b,
          kennysheep_cross_bottleneck, abyss_entry, hangedman_tar_grid_catacomb,
          minmay_shoptagon
Depths:4: regret_index_infernal_bastille, layout_basic, hell_entry,
          chequers_serial_rivers_small_b, uniq_jory, uniq_grunn
Zot:1:    layout_onion_interference, regret_index_zotdec_gossamer_parallel,
          nicolae_lava_and_water
Zot:2:    layout_cellular_growth, grunt_megastairs_4
Zot:3:    nicolae_zot_stationary_front, layout_misc_corridors,
          ebering_ghost_inner_flame, st_stairs_1, regret_index_zotdec_bone_old
Zot:4:    layout_twisted_circle, st_stairs_7
Zot:5:    layout_misc_corridors

Skill      XL: |  1  2  3  4  5  6  7  8  9 10 11 12 13 14 15 16 17 18 19 20 21 22 23 24 25 26 27 |
---------------+----------------------------------------------------------------------------------+-----
Stealth        | 1 2 3 4 |  4.0
Fighting       | 2 3 4 5 7 8 9 10 12 13 14 17 19 20 | 20.0
Unarmed Combat | 4 5 6 8 9 10 12 13 15 16 18 19 21 24 | 24.5
Shapeshifting  | 7 10 11 12 14 16 18 19 22 24 25 | 25.0
Dodging        | 4 5 7 9 10 12 14 | 14.3
Evocations     | 2 4 |  4.0
Translocations | 11 15 17 18 | 18.0
Shields        | 6 12 16 20 | 20.9

Action                     |  1- 3 |  4- 6 |  7- 9 | 10-12 | 13-15 | 16-18 | 19-21 | 22-24 | 25-27 || total
---------------------------+-------+-------+-------+-------+-------+-------+-------+-------+-------++-------
  Melee: Unarmed           |    60 |   121 |   220 |   409 |   876 |   684 |   519 |  1006 |  1311 ||  5206
         Constrict         |    17 |    35 |    46 |   101 |   196 |   149 |     3 |    54 |   198 ||   799
         Tentacles         |    13 |    24 |    56 |    14 |       |   114 |     2 |   137 |   284 ||   644
         Punch             |     1 |     3 |     8 |     3 |       |    61 |    53 |   148 |   257 ||   534
         Tailslap          |       |       |       |       |       |       |    74 |    56 |       ||   130
         Bite              |       |       |       |       |       |       |    43 |    44 |       ||    87
  Throw: Dart              |       |     1 |     7 |       |       |       |       |       |       ||     8
   Cast: Manifold Assault  |       |       |       |       |       |       |       |    10 |    61 ||    71
 Invoke: Serpent's Lash    |       |       |       |     1 |    13 |     5 |       |     3 |     4 ||    26
         Heavenly Storm    |       |       |       |       |     1 |       |       |       |     4 ||     5
Ability: Lunge             |       |     4 |    42 |    56 |   142 |   104 |   130 |   125 |   120 ||   723
         Whirlwind         |       |       |     3 |     9 |   149 |   113 |   100 |   145 |   155 ||   674
         Breathe Fire      |       |       |       |       |       |       |       |     4 |       ||     4
         Blinkbolt         |       |       |       |       |       |       |       |     2 |     9 ||    11
         Wall Jump         |       |       |       |       |       |       |       |       |     1 ||     1
  Evoke: Wand              |       |       |       |     7 |     1 |       |       |       |       ||     8
    Use: Scroll            |       |     5 |     3 |     7 |     9 |     8 |     3 |     2 |     7 ||    44
         Potion            |       |     1 |     1 |       |     1 |     2 |     1 |     3 |     9 ||    18
   Stab: Sleeping          |    11 |    11 |     8 |     4 |    15 |    22 |    14 |    16 |     9 ||   110
         Distracted        |       |       |     1 |       |     2 |     8 |     2 |     2 |     2 ||    17
         Confused          |       |       |       |       |       |       |       |       |     2 ||     2
 Armour: Skin              |    20 |    44 |    98 |   206 |   443 |   643 |   264 |   920 |   879 ||  3517
  Dodge: Dodged            |    20 |    66 |    67 |   142 |   346 |   615 |   131 |   622 |   789 ||  2798
  Block: Tower shield      |       |       |       |       |       |       |       |       |   807 ||   807
         Reflection        |       |       |       |       |       |       |       |       |     9 ||     9
   Form: Anaconda          |       |       |       |     1 |       |     2 |       |       |       ||     3
         Statue            |       |       |       |       |       |     3 |       |     2 |     2 ||     7
         Dragon            |       |       |       |       |       |       |     1 |       |       ||     1
         Storm             |       |       |       |       |       |       |       |     2 |     2 ||     4

Table legend: (Time is in decaauts)
 A = Elapsed time spent in this place.
 B = Non-inter-level travel time spent in this place.
 C = Inter-level travel time spent in this place.
 D = Time resting spent in this place.
 E = Time spent auto-exploring this place.
 F = Levels seen in this place.
 G = Mean time per level.
                   A        B        C        D        E       F      G
               +--------+--------+--------+--------+--------+-----+--------+
         Total |  98675 |  90735 |   7940 |  39702 |  31640 |  52 | 1897.6 |
       Dungeon |  21998 |  19366 |   2632 |   6412 |   9093 |  15 | 1466.5 |
        Temple |     16 |      9 |      7 |      0 |      0 |   1 |   16.0 |
          Lair |   7681 |   7218 |    463 |   1854 |   3491 |   5 | 1536.2 |
        Shoals |  11079 |  10788 |    291 |   6678 |   1373 |   4 | 2769.8 |
   Spider Nest |  11672 |  11000 |    672 |   6753 |   2211 |   4 | 2918.0 |
  Orcish Mines |   2529 |   1986 |    543 |    378 |    890 |   2 | 1264.5 |
   Elven Halls |   5432 |   5057 |    375 |   2205 |   1536 |   3 | 1810.7 |
        Vaults |  15638 |  14228 |   1410 |   8288 |   3707 |   5 | 3127.6 |
         Crypt |   4557 |   4403 |    154 |   1059 |   2394 |   3 | 1519.0 |
        Depths |   7171 |   6410 |    761 |   1489 |   3240 |   4 | 1792.8 |
           Zot |  10426 |   9800 |    626 |   4402 |   3555 |   5 | 2085.2 |
      Gauntlet |    470 |    470 |      0 |    179 |    147 |   1 |  470.0 |
               +--------+--------+--------+--------+--------+-----+--------+

Top non-repeatable levels by time:
Spider:1: 4952 daAuts
Vaults:2: 4007 daAuts
Vaults:4: 3566 daAuts
Shoals:1: 3522 daAuts
Shoals:3: 3191 daAuts
   Zot:4: 2868 daAuts
Vaults:1: 2796 daAuts
Shoals:2: 2790 daAuts
    D:15: 2741 daAuts
Vaults:5: 2653 daAuts
   Elf:3: 2634 daAuts
Vaults:3: 2615 daAuts
    D:13: 2551 daAuts
Spider:4: 2500 daAuts
     D:5: 2139 daAuts
